 Dungeon Crawl Stone Soup version 0.20-a0-1062-g7b787ac (webtiles) character file.

37 Alarkh the Stinger (level 3, 5/24 HPs)
             Began as a Demonspawn Venom Mage on Apr 27, 2017.
             Got out of the dungeon alive.
             The game lasted 00:01:26 (1430 turns).

Alarkh the Stinger (Demonspawn Venom Mage)          Turns: 1430, Time: 00:01:27

Health: 5/24       AC:  2    Str: 13    XL:     3   Next: 21%
Magic:  2/6        EV: 17    Int: 17    God:
Gold:   75         SH:  0    Dex: 18    Spells: 5/6 levels left

rFire    x . .     SeeInvis .   (no weapon)
rCold    + . .     Gourm    .   (no shield)
rNeg     . . .     Faith    .   a - +0 robe
rPois    .         Spirit   .   (no helmet)
rElec    .         Reflect  .   (no cloak)
rCorr    .         Harm     .   (no gloves)
MR       .....     Rnd*Tele +   (no boots)
Stlth    +++.......             (no amulet)
Regen    0.1/turn               i - ring of teleportation (curse)
MPRegen  0.1/turn               h - ring of ice

@: mighty, agile
A: demonic guardian 1, powered by pain 1
a: no special abilities


You escaped.
You were not hungry.

You visited 1 branch of the dungeon, and saw 1 of its levels.

You collected 75 gold pieces.

Inventory:

Armour
 a - a +0 robe (worn)
Jewellery
 h - a ring of ice (right hand)
 i - a cursed ring of teleportation (left hand)
Scrolls
 e - a scroll of identify
 g - a scroll of fear
Books
 b - a Young Poisoner's Handbook

   Spells                             Type                      Level
   a - Sting                          Conjuration/Poison           1
   b - Poisonous Vapours              Poison/Air                   2
   c - Mephitic Cloud                 Conjuration/Poison/Air       3
   d - Olgreb's Toxic Radiance        Poison                       4
   e - Venom Bolt                     Conjuration/Poison           5
Comestibles
 c - 2 bread rations
 d - a royal jelly
 j - a meat ration


   Skills:
 - Level 1.7 Dodging
 - Level 1.7 Stealth
 + Level 2.3 Spellcasting
 + Level 2.4 Conjurations
 + Level 3.3 Poison Magic


You had 5 spell levels left.
You knew the following spells:

 Your Spells              Type           Power        Failure   Level  Hunger
a - Sting                 Conj/Pois      ##..         6%          1    #......


Dungeon Overview and Level Annotations

Branches:
Dungeon (1/15)

Altars:


Innate Abilities, Weirdness & Mutations

A weak demonic guardian rushes to your aid.
You sometimes gain a little power by taking damage.


Message History

Casting: Sting
Confirm with . or Enter, or press ? or * to list all spells.
Aiming: Sting
Press: ? - help, Shift-Dir - straight line, f/p - gnoll
Aim: a gnoll, wielding a spear (severely wounded, poisoned)
The sting misses the gnoll.
The gnoll hits you from afar with a spear.
* * * LOW HITPOINT WARNING * * *
You kill the gnoll!
You have reached level 3!
Your experience leads to an increase in your attributes!
Your base attributes are Str 8, Int 16, Dex 13.
Increase (S)trength, (I)ntelligence, or (D)exterity?
You feel clever.
Your demonic ancestry asserts itself...
You feel the presence of a demonic guardian.
Things that are here:
a spear; a gnoll corpse
There is a staircase leading out of the dungeon here.
Are you sure you want to leave the Dungeon?
This will make you lose the game!
You have escaped!

#########...≈§≈≈≈≈≈≈≈≈#
#####...........≈≈§≈≈≈≈§≈≈#
...##.#######...≈§§§≈≈≈§§≈#
...##.# #....§≈§≈§§§§≈#
......# ##.#§§§§≈≈§.≈≈#
......# ###.......§≈≈#
.....## #####.........≈#
...### #.....)........# ...#
#)###@.........# ####
######.#.......###..#
#........#..).......## #####
#.####.###..#####.##.# #...#
#.# #.# #..# #.##.#
#...###.# #.# #..# #.##.#
......#.####.###..# #.##.#
..................#####....#
......#.####..#.#.......####


There were no monsters in sight!

Vanquished Creatures
  A gnoll (D:1)
  A dart slug (D:1)
  A leopard gecko (D:1)
  2 bats (D:1)
  A giant cockroach (D:1)
  2 goblins (D:1)
  5 hobgoblins (D:1)
  4 jackals (D:1)
  A kobold (D:1)
  2 frilled lizards (D:1)
20 creatures vanquished.

Notes
Turn   | Place    | Note
-------+----------+-------------------------------------------
     0 | D:1      | Alarkh the Demonspawn Venom Mage began the quest for the Orb.
     0 | D:1      | Reached XP level 1. HP: 13/13 MP: 3/3
   331 | D:1      | Gained mutation: You sometimes gain a little power by taking damage. [demonic ancestry]
   331 | D:1      | Reached XP level 2. HP: 14/19 MP: 0/5
  1421 | D:1      | Gained mutation: A weak demonic guardian rushes to your aid. [demonic ancestry]
  1421 | D:1      | Reached XP level 3. HP: 4/24 MP: 1/6
  1430 | D:$      | Got out of the dungeon alive.

Vault maps used:
D:1:      dpeg_arrival_lava_altar, serial_bayou_pond_a

Skill      XL: |  1  2 |
---------------+-------+-----
Conjurations   | 2 |  2.4
Dodging        | |  1.7
Stealth        | |  1.7
Spellcasting   | |  2.3
Poison Magic   | |  3.3

Action                   || total
-------------------------++-------
Melee: Unarmed           ||     9
 Cast: Sting             ||    47
  Use: Scroll            ||     1
       Potion            ||     1
  Eat: Chunk             ||     2
Armor: Robe              ||     1
Dodge: Dodged            ||    14
